 Dungeon Crawl Stone Soup version 0.30-a0-297-g0ec75d9ef4 (webtiles) character file.

Game seed: 11425832632688579869

1168 Iusername the Cleaver (level 8, -6/75 HPs)
             Began as a Minotaur Fighter on Oct 19, 2022.
             Was an Initiate of Qazlal.
             Mangled by a gnoll sergeant
             ... wielding a +1 antimagic spear
              (14 damage)
             ... on level 6 of the Dungeon.
             The game lasted 00:05:05 (4741 turns).

Iusername the Cleaver (Minotaur Fighter)            Turns: 4741, Time: 00:05:05

Health: -6/75      AC:  1    Str: 23    XL:     8   Next: 17%
Magic:  0/7        EV:  9    Int:  5    God:    Qazlal [......]
Gold:   309        SH:  5    Dex: 10    Spells: 7/7 levels left

rFire   . . .      SeeInvis .    a - +1 war axe (freeze)
rCold   . . .      Faith    .    c - +0 buckler
rNeg    . . .      Spirit   .    b - +1 scale mail
rPois   .          Reflect  .    (helmet restricted)
rElec   .          Harm     .    (no cloak)
rCorr   .          Rampage  .    (no gloves)
Will    .....      Clarity  +    (no boots)
Stlth   ..........               (no amulet)
HPRegen 0.32/turn                (no ring)
MPRegen 0.10/turn                (no ring)

@: corroded
A: horns 2, retaliatory headbutt, claws 1, clarity, mutation resistance 1
a: Renounce Religion


You were on level 6 of the Dungeon.
You worshipped Qazlal.
Qazlal was noncommittal.
You visited 1 branch of the dungeon, and saw 6 of its levels.

You collected 309 gold pieces.

Inventory:

Hand Weapons
 a - a +1 war axe of freezing (weapon)
Missiles
 r - a throwing net (quivered)
Armour
 b - a +1 scale mail (worn)
 c - a +0 buckler (worn)
Jewellery
 h - an amulet of the acrobat
 m - a ring of magical power
 q - an amulet of guardian spirit
 v - an amulet of regeneration
 y - an amulet of reflection
Wands
 t - a wand of flame (4)
Scrolls
 e - 2 scrolls of identify
 f - 2 scrolls of amnesia
 g - 2 scrolls of blinking
 i - 4 scrolls of teleportation
 l - a scroll of butterflies {unknown}
Potions
 d - 2 potions of might
 j - a potion of haste
 k - a potion of curing
 o - a potion of flight
 p - a potion of resistance
 s - a potion of invisibility
 u - 2 potions of brilliance
 x - 2 potions of ambrosia


   Skills:
 + Level 8.4 Fighting
 + Level 10.0 Axes
 + Level 8.3 Armour
 + Level 8.4 Shields


You had 7 spell levels left.
You didn't know any spells.
Your spell library contained the following spells:

 Spells                   Type           Power      Damage    Failure   Level
 Kiss of Death            Conj/Necr      0%         2d5       83%         1
 Confusing Touch          Hex            0%         N/A       99%         3
 Hailstorm                Conj/Ice       0%         3d3       99%         3
 Inner Flame              Hex/Fire       0%         N/A       99%         3
 Cause Fear               Hex            0%         N/A       100%        4
 Dispel Undead            Necr           0%         3d6       100%        4
 Ice Form                 Ice/Tmut       0%         N/A       100%        4
 Simulacrum               Ice/Necr       0%         N/A       100%        6
 Discord                  Hex            0%         N/A       100%        8


Dungeon Overview and Level Annotations

Branches:
Dungeon (6/15)             Temple (0/1) D:6

Altars:
Makhleb
Qazlal

Shops:
D:3 =(=*   D:4 [

Annotations:
D:3 2 transporters, bande's ghost, amateur GrFi
D:4 2 transporters, osoart's ghost, amateur TrBe


Innate Abilities, Weirdness & Mutations

You have a pair of horns on your head.
You reflexively headbutt those who attack you in melee.
You have sharp fingernails.
You possess an exceptional clarity of mind.
You are somewhat resistant to further mutation.


Message History

A white imp comes into view. 2 gnolls come into view.
The gnoll shouts! x2
A centaur comes into view.
The gnoll sergeant drinks a potion.
The gnoll sergeant flickers and vanishes!
Deactivating autopickup; reactivate with Ctrl-A.
The centaur shouts!
You hit something. You freeze something. Something hits you!
You feel your power leaking away. The white imp gestures at you.
Something blocks the puff of frost.
Something blocks your attack. Something hits you.
You feel your power leaking away. Something blocks your attack.
Your headbutt misses something. You block the gnoll's attack.
Something hits you! The white imp gestures at you. You block the puff of frost.
Something blocks your attack.
The gnoll hits you from afar with a +0 spear.
Something hits you.
Unknown command.
You feel better.
The gnoll hits you from afar with a +0 spear.
The gnoll barely misses you. Something hits you. The gnoll barely misses you.
You feel better. The gnoll hits you with a +0 club!
The gnoll hits you from afar with a +0 spear!
* * * LOW HITPOINT WARNING * * *
The gnoll hits you from afar with a +0 spear.
* * * LOW HITPOINT WARNING * * *
Something hits you.
* * * LOW HITPOINT WARNING * * *
The gnoll hits you from afar with a +0 spear!
* * * LOW HITPOINT WARNING * * *
You feel better. The gnoll hits you with a +0 club.
* * * LOW HITPOINT WARNING * * *
The gnoll hits you from afar with a +0 spear.
* * * LOW HITPOINT WARNING * * *
The gnoll closely misses you. Something hits you!
You die...

#..##..###[#...####.##..
#..##..................
..##.....##.#..#####.##..
>....⌠..###.#....).......
..##......#.#........#...
#..##.#+#..........#..#
#..##.............#.#...
...##..............#.#...
⌠..#..#.@g.........#.#...
.....##..{5........#.#...
...## #ggg.........#.#...
.## #.c.......... .#.#.
#......... #.#.
#......... #...
#......... >.. #.........
#... #...


You could see a centaur, 4 gnolls and a white imp.

Vanquished Creatures
  Prince Ribbit (D:5)
  A centaur (D:4)
  4 scorpions
  2 jellies
  4 hounds
  An orc priest (D:4)
  3 orc wizards (D:4)
  2 iguanas
  3 gnolls (D:2)
  14 adders
  A worm (D:3)
  2 dart slugs (D:4)
  6 orcs (D:4)
  5 endoplasms
  6 giant cockroaches
  A goblin (D:2)
  5 hobgoblins
  8 jackals
  6 kobolds
  2 quokkas
  7 ball pythons
  6 bats
  5 frilled lizards
  5 rats
100 creatures vanquished.

Vanquished Creatures (others)
  6 plants (D:3)
6 creatures vanquished.

Grand Total: 106 creatures vanquished

Notes
Turn   | Place    | Note
-------+----------+-------------------------------------------
     0 | D:1      | Iusername the Minotaur Fighter began the quest for the Orb.
     0 | D:1      | Reached XP level 1. HP: 19/19 MP: 0/0
   396 | D:1      | Reached XP level 2. HP: 27/27 MP: 1/1
   837 | D:2      | Reached skill level 3 in Axes
   841 | D:2      | Reached XP level 3. HP: 27/33 MP: 2/2
  1015 | D:2      | Reached XP level 4. HP: 40/40 MP: 3/3
  1849 | D:2      | Reached skill level 9 in Axes
  1849 | D:2      | Reached XP level 5. HP: 52/52 MP: 4/4
  1885 | D:3      | Found Niruin's Antique Weapon Boutique.
  1944 | D:3      | You fall into a shaft and drop 2 floors!
  1944 | D:5      | Entered Level 5 of the Dungeon
  2049 | D:4      | Reached XP level 6. HP: 57/60 MP: 5/5
  2086 | D:4      | Found a transporter.
  2090 | D:3      | Identified the +10 short sword of Obosek {venom, rPois rC-
                  | Int+8}
  2295 | D:3      | Found a burning altar of Makhleb.
  2343 | D:3      | Found Izis's Jewellery Shoppe.
  2369 | D:3      | Found a transporter.
  2452 | D:3      | Found Uxatt's Jewellery Emporium.
  2651 | D:3      | Found a transporter.
  2663 | D:3      | Noticed bande's ghost (amateur GrFi)
  2866 | D:3      | Found Zaeriwergh's Assorted Antiques.
  3031 | D:4      | Found Guamyus's Armour Shop.
  3087 | D:4      | Found a transporter.
  3131 | D:4      | Noticed osoart's ghost (amateur TrBe)
  3131 | D:4      | Identified the +4 dire flail of Havoc {protect, rC++}
  3608 | D:4      | Reached XP level 7. HP: 62/67 MP: 6/6
  3881 | D:5      | Noticed Prince Ribbit
  3894 | D:5      | Killed Prince Ribbit
  4009 | D:5      | Found a stormy altar of Qazlal.
  4011 | D:5      | Noticed a water elemental
  4012 | D:5      | Noticed a fire elemental
  4012 | D:5      | Noticed an air elemental
  4045 | D:5      | Became a worshipper of Qazlal Stormbringer
  4329 | D:5      | Reached XP level 8. HP: 68/74 MP: 7/7
  4518 | D:5      | Reached skill level 10 in Axes
  4607 | D:5      | Gained mutation: You possess an exceptional clarity of
                  | mind. [potion of mutation]
  4607 | D:5      | Gained mutation: You are somewhat resistant to further
                  | mutation. [potion of mutation]
  4607 | D:5      | Gained mutation: You have sharp fingernails. [potion of
                  | mutation]
  4725 | D:6      | Found a staircase to the Ecumenical Temple.
  4740 | D:6      | HP: 3/75 [gnoll/+0 spear[a gnoll sergeant] (9)]
  4741 | D:6      | Mangled by a gnoll sergeant

Illustrated notes

Levels and vault maps discovered:
D:1:      eino_arrival_druids_welcome, layout_loops_ring, minmay_tetromino_t2
D:2:      layout_loops_corners
D:3:      layout_basic, mainiacjoe_overflow_concentric_impassable, serial_shops,
          nicolae_shop_crystal, nicolae_shop_window_shopping,
          nicolae_lakefront_shop, nicolae_shop_advertising_works
          [nicolae_subvault_shop_adworks], gammafunk_ghost_gnarly_gnolls
D:4:      layout_rooms, gammafunk_ghost_smash, serial_shops,
          nicolae_shop_crystal, chequers_garden,
          amcnicky_mini_rare_corridor_liquid, minmay_curled_crystal,
          st_stairs_9, grunt_ministairs_3, kennysheep_generic_room_15
D:5:      layout_loops_corners, nicolae_qazlal_style_of_elements,
          uniq_prince_ribbit1
D:6:      layout_basic, lemuel_mausoleum_altar_kikubaaqudgha,
          minmay_temple_entry_waves

Skill      XL: |  1  2  3  4  5  6  7  8 |
---------------+-------------------------+-----
Fighting       | 4 7 8 |  8.4
Axes           | 3 9 10 | 10.0
Shields        | 4 7 8 |  8.4
Armour         | 4 7 8 |  8.3

Action                   |  1- 3 |  4- 6 |  7- 9 || total
-------------------------+-------+-------+-------++-------
Melee: War axe           |    68 |    89 |    71 ||   228
       Unarmed           |     3 |       |       ||     3
       Headbutt          |     4 |    10 |     6 ||    20
  Use: Scroll            |       |    14 |     8 ||    22
       Potion            |       |     1 |     4 ||     5
Armor: Scale mail        |    43 |    46 |    23 ||   112
Dodge: Dodged            |    41 |    46 |    19 ||   106
Block: Buckler           |    20 |    29 |    20 ||    69

Table legend: (Time is in decaauts)
 A = Elapsed time spent in this place.
 B = Non-inter-level travel time spent in this place.
 C = Inter-level travel time spent in this place.
 D = Time resting spent in this place.
 E = Time spent auto-exploring this place.
 F = Levels seen in this place.
 G = Mean time per level.
                   A        B        C        D        E       F      G
               +--------+--------+--------+--------+--------+-----+--------+
         Total |   4785 |   4642 |    143 |    528 |   3413 |   6 |  797.5 |
       Dungeon |   4785 |   4642 |    143 |    528 |   3413 |   6 |  797.5 |
               +--------+--------+--------+--------+--------+-----+--------+

Top non-repeatable levels by time:
     D:2: 1249 daAuts
     D:3: 954 daAuts
     D:4: 913 daAuts
     D:5: 882 daAuts
     D:1: 665 daAuts
     D:6: 120 daAuts
